 Dungeon Crawl Stone Soup version 0.19-a0-926-g4486784 (webtiles) character file.

42 GlaceonGamingDJ the Ducker (level 3, -3/27 HPs)
             Began as a Demonspawn Gladiator on July 6, 2016.
             Slain by a hobgoblin
             ... wielding a +0 club
              (5 damage)
             ... on level 2 of the Dungeon on July 9, 2016.
             The game lasted 00:09:41 (1246 turns).

GlaceonGamingDJ the Ducker (Demonspawn Gladiator)   Turns: 1246, Time: 00:09:42

Health: -3/27      AC:  4    Str: 16    XL:     3   Next: 35%
Magic:  3/3        EV: 13    Int:  9    God:
Gold:   10         SH:  0    Dex: 13    Spells: 0 memorised, 2 levels left

rFire  . . .     SeeInvis .     a - +0 long sword
rCold  + . .     Gourm    .     b - +0 leather armour
rNeg   . . .     Faith    .     (no shield)
rPois  .         Spirit   .     c - +0 helmet
rElec  .         Dismiss  .     (no cloak)
rCorr  .         Reflect  .     (no gloves)
SustAt .         Harm     .     (no boots)
MR     .....                    (no amulet)
Stlth  +.........               (no ring)
                                (no ring)

@: not resistant to hostile enchantments, very unstealthy
A: cold resistance 1, powered by death 1
a: no special abilities


You were on level 2 of the Dungeon.
You were not hungry.

You visited 1 branch of the dungeon, and saw 2 of its levels.

You collected 10 gold pieces.

Inventory:

Hand Weapons
 a - a +0 long sword (weapon)
Missiles
 d - 3 throwing nets (quivered)
Armour
 b - a +0 leather armour (worn)
 c - a +0 helmet (worn)
Jewellery
 j - an uncursed amulet of dismissal {unknown}
Scrolls
 h - a scroll of identify {unknown}
 i - a scroll of remove curse {unknown}
 k - 3 scrolls of enchant weapon {unknown}
Potions
 e - a potion of brilliance
Comestibles
 f - a bread ration
 g - a meat ration


   Skills:
 + Level 2.1 Fighting
 + Level 3.1 Long Blades
 + Level 2.0 Throwing
 + Level 0.1 Armour
 + Level 3.5 Dodging


You had 2 spell levels left.
You didn't know any spells.

Dungeon Overview and Level Annotations

Branches:
Dungeon (2/15)

Altars:


Innate Abilities, Weirdness & Mutations

Your flesh is cold resistant. (rC+)
You regenerate a little health from kills.


Message History

You hit the hobgoblin.
You kill the hobgoblin!
The bat barely misses you. The adder bites you but does no damage.
The hobgoblin hits you but does no damage.
You barely miss the adder. The bat completely misses you.
The goblin misses you. The adder barely misses you.
The hobgoblin hits you with a club.
You barely miss the adder. The bat misses you.
The adder bites you but does no damage. The goblin misses you.
You riposte.
You miss the goblin. The hobgoblin hits you with a club.
* * * LOW HITPOINT WARNING * * *
The bat hits you but does no damage. The adder barely misses you.
You riposte.
You hit the adder but do no damage.
The quokka bites you but does no damage.
Okay, then.
You barely miss the adder. The bat closely misses you. x2
The goblin misses you. The adder closely misses you. The quokka bites you.
* * * LOW HITPOINT WARNING * * *
The hobgoblin hits you with a club.
You die...

.. ##..........
...#...........
..#..>........
. ...[.........
..##...........
...............
#..bSr......
#...@gw.....
#....g......
.........#.....
##...###.# ....
#... .. ...
#... ... .. ...
##. . ..< ..


You could see an adder, a dart slug, a quokka, a hobgoblin, a goblin and a bat.

Vanquished Creatures
  An adder (D:2)
  3 dart slugs (D:1)
  A ball python (D:1)
  2 goblins (D:1)
  6 hobgoblins
  4 jackals (D:1)
  2 kobolds (D:1)
  A bat (D:1)
  A giant newt (D:1)
  4 rats (D:1)
  2 fungi (D:1)
27 creatures vanquished.

Notes
Turn   | Place    | Note
-------+----------+-------------------------------------------
     0 | D:1      | GlaceonGamingDJ the Demonspawn Gladiator began the quest for the Orb.
     0 | D:1      | Reached XP level 1. HP: 16/16 MP: 1/1
   234 | D:1      | Gained mutation: You regenerate a little health from kills. [demonic ancestry]
   234 | D:1      | Reached XP level 2. HP: 7/22 MP: 2/2
   690 | D:1      | Gained mutation: Your flesh is cold resistant. (rC+) [demonic ancestry]
   690 | D:1      | Reached XP level 3. HP: 21/27 MP: 3/3
  1246 | D:2      | Slain by a hobgoblin

Vault maps used:
D:1:      tarquinn_simple_flora_water_d
D:2:      first_bread, ecumenical_altar_1

Skill      XL: |  1  2  3 |
---------------+----------+-----
Dodging        | 3 |  3.5
Throwing       | 2 |  2.0
Long Blades    | 3 |  3.1
Fighting       | |  2.1
Armour         | |  0.1

Action                   || total
-------------------------++-------
Melee: Long sword        ||   138
  Use: Potion            ||     2
  Eat: Meat ration       ||     1
Armor: Leather armour    ||    31
Dodge: Dodged            ||    72
